 Dungeon Crawl Stone Soup version 0.26-a0-1132-ge9770dfcb6 (webtiles) character file.

Game seed: 14213919256668924973

72 Dracia the Ruffian (level 4, -7/44 HPs)
             Began as a Troll Monk on Dec 20, 2020.
             Mangled by a gnoll
             ... wielding a +0 halberd
              (14 damage)
             ... on level 2 of the Dungeon.
             The game lasted 00:02:12 (874 turns).

Dracia the Ruffian (Troll Monk)                      Turns: 874, Time: 00:02:13

Health: -7/44      AC:  7    Str: 19    XL:     4   Next: 6%
Magic:  3/3        EV: 11    Int:  6    God:
Gold:   84         SH:  0    Dex: 13    Spells: 3/3 levels left

rFire    . . .     SeeInvis .     - Unarmed
rCold    . . .     Faith    .   (no shield)
rNeg     . . .     Spirit   .   a - +0 robe
rPois    .         Reflect  .   (helmet restricted)
rElec    .         Harm     .   f - +0 cloak
rCorr    .         Rampage  .   (gloves unavailable)
Will     .....                  (boots unavailable)
Stlth    ++........             (no amulet)
HPRegen  0.54/turn              (no ring)
MPRegen  0.08/turn              (no ring)

@: no status effects
A: large, unfitting armour, claws 3, regeneration 1, shaggy fur 1, tough skin 3
a: no special abilities


You were on level 2 of the Dungeon.
You visited 1 branch of the dungeon, and saw 2 of its levels.

You collected 84 gold pieces.


Innate Abilities, Weirdness & Mutations

You are too large for most types of armour.
You have claws for hands.
Your natural rate of healing is unusually fast.
You are covered in fur. (AC +1)
You have extremely tough skin. (AC +3)


   Skills:
 + Level 2.9 Fighting
 + Level 2.9 Dodging
 - Level 1.0 Stealth
 * Level 4.1 Unarmed Combat


You had 3 spell levels left.
You didn't know any spells.
Your spell library was empty.

Inventory:

Armour
 a - a +0 robe (worn)
 f - a +0 cloak (worn)
Scrolls
 c - 2 scrolls of identify {unknown}
 e - a scroll of noise {unknown}
 g - a scroll of enchant armour {unknown}
 i - 2 scrolls of immolation {unknown}
 j - a scroll of fear {unknown}
 l - a scroll of blinking {unknown}
 n - a scroll of amnesia {unknown}
 o - a scroll of random uselessness {unknown}
 p - a scroll of magic mapping {unknown}
 q - a scroll of fog {unknown}
 r - a scroll of enchant weapon {unknown}
Potions
 b - a potion of curing {unknown}
 d - a potion of haste {unknown}
 h - a potion of flight {unknown}
 m - a potion of magic {unknown}

Dungeon Overview and Level Annotations

Branches:
Dungeon (2/15)

Altars:

#### ######...###
.>......... #
###.......... #.
#.........###
#.#####........!...
#...@.+.....)......
###g###.....)$.....
##g.##........####
#....gg..(....#
#.#.#.#..#+####
#......(##.#
#.#.#.#.##.# ####+
#.......##.#####[...
#.#.#.#.##..........


You could see 2 gnolls.


Message History

The gnoll barely misses you.
The gnoll hits you from afar with a +0 spear.
Your Unarmed Combat skill increases to level 4!
The gnoll hits you with a +0 spear! The gnoll barely misses you.
You completely miss the gnoll. The gnoll hits you with a +0 spear.
* * * LOW HITPOINT WARNING * * *
The gnoll barely misses you. The adder bites you but does no damage.
You are too injured to fight recklessly!
Unknown command.
The gnoll closely misses you.
The gnoll hits you from afar with a +0 halberd!
* * * LOW HITPOINT WARNING * * *
The adder bites you.
* * * LOW HITPOINT WARNING * * *
The adder barely misses you. The adder bites you but does no damage.
It was a potion of cancellation.
You feel magically purged. The adder barely misses you.
You claw the adder!
You kill the adder!
You have reached level 4!
You start resting.
A gnoll is nearby!
Unknown command.
The gnoll hits you with a +0 halberd.
* * * LOW HITPOINT WARNING * * *
You scratch the gnoll.
The gnoll is moderately wounded.
The gnoll hits you with a +0 halberd!
You die...

Skill      XL: |  1  2  3 |
---------------+----------+-----
Unarmed Combat | 4 |  4.1
Fighting       | |  2.9
Dodging        | |  2.9
Stealth        | |  1.0

Action                   |  1- 3 |  4- 6 || total
-------------------------+-------+-------++-------
Melee: Unarmed           |    77 |     1 ||    78
       Punch             |     2 |       ||     2
  Use: Potion            |     1 |       ||     1
 Stab: Sleeping          |     2 |       ||     2
Armor: Robe              |    31 |       ||    31
Dodge: Dodged            |    46 |       ||    46

Levels and vault maps discovered:
D:1:      ebering_trefoil_twist, layout_rooms, minmay_door_square
D:2:      layout_basic, serial_glass, glass_columns_b, glass_columns_b

Notes
Turn   | Place    | Note
-------+----------+-------------------------------------------
     0 | D:1      | Dracia the Troll Monk began the quest for the Orb.
     0 | D:1      | Reached XP level 1. HP: 22/22 MP: 0/0
   139 | D:1      | Reached XP level 2. HP: 26/29 MP: 1/1
   639 | D:2      | Reached XP level 3. HP: 34/36 MP: 2/2
   858 | D:2      | Reached skill level 4 in Unarmed Combat
   872 | D:2      | Reached XP level 4. HP: 10/44 MP: 3/3
   874 | D:2      | Mangled by a gnoll

Vanquished Creatures
  2 gnolls (D:2)
  An adder (D:2)
  A worm (D:2)
  A dart slug (D:1)
  4 leopard geckos
  2 goblins (D:2)
  4 hobgoblins
  2 jackals (D:2)
  2 ball pythons
  4 bats
  3 frilled lizards
  4 kobolds (D:1)
  5 rats
35 creatures vanquished.

Table legend: (Time is in decaauts)
 A = Elapsed time spent in this place.
 B = Non-inter-level travel time spent in this place.
 C = Inter-level travel time spent in this place.
 D = Time resting spent in this place.
 E = Time spent auto-exploring this place.
 F = Levels seen in this place.
 G = Mean time per level.
                   A        B        C        D        E       F      G
               +--------+--------+--------+--------+--------+-----+--------+
         Total |    868 |    846 |     22 |      2 |    655 |   2 |  434.0 |
       Dungeon |    868 |    846 |     22 |      2 |    655 |   2 |  434.0 |
               +--------+--------+--------+--------+--------+-----+--------+

Top non-repeatable levels by time:
     D:1: 520 daAuts
     D:2: 348 daAuts

Table legend:
 A = Non-vault XP
 B = Vault XP
 C = Vault XP percentage of total XP
 D = Non-vault monster count
 E = Vault monster count
 F = Vault count percentage of total count
                 A         B        C        D         E       F
            +---------+---------+-------+---------+---------+-------
      Total |     103 |       0 |   0.0 |      35 |       0 |   0.0
            +---------+---------+-------+---------+---------+-------
        D:1 |      31 |       0 |   0.0 |      17 |       0 |   0.0
        D:2 |      72 |       0 |   0.0 |      18 |       0 |   0.0
            +---------+---------+-------+---------+---------+-------
